 Dungeon Crawl Stone Soup version 0.30-a0-414-gcb316572d5 (webtiles) character file.

Game seed: 15145000581040918575

12 sleeves the Insei (level 2, -4/21 HPs)
             Began as a Demonspawn Transmuter on Dec 8, 2022.
             Killed from afar by Sigmund (10 damage)
             ... with a puff of flame
             ... on level 2 of the Dungeon.
             The game lasted 00:00:43 (586 turns).

sleeves the Insei (Demonspawn Transmuter)            Turns: 586, Time: 00:00:44

Health: -4/21      AC:  2    Str: 10    XL:     2   Next: 20%
Magic:  5/5        EV: 12    Int: 14    God:
Gold:   70         SH:  0    Dex: 13    Spells: 4/5 levels left

rFire   . . .      SeeInvis .      - Unarmed
rCold   . . .      Faith    .    (no shield)
rNeg    . . .      Spirit   .    a - +0 robe
rPois   .          Reflect  .    (helmet currently unavailable)
rElec   .          Harm     .    (no cloak)
rCorr   .          Rampage  .    (no gloves)
Will    .....                    (boots currently unavailable)
Stlth   +.........               (no amulet)
HPRegen 0.23/turn                (no ring)
MPRegen 0.09/turn                (no ring)

@: confused, appendages (expiring)
A: horns 2, talons 2, claws 1
a: End Transformation


You were on level 2 of the Dungeon.
You had temporarily grown beastly horns and talons.
You visited 1 branch of the dungeon, and saw 2 of its levels.

You collected 70 gold pieces.

Inventory:

Armour
 a - a +0 robe (worn)
Jewellery
 e - an amulet of reflection
   (You found it on level 1 of the Dungeon)
Scrolls
 c - a scroll of identify {unknown}
Potions
 b - a potion of lignification
 d - a potion of attraction {unknown}
 f - a potion of ambrosia {unknown}
 g - a potion of resistance {unknown}


   Skills:
 - Level 1.0 Fighting
 - Level 1.7 Dodging
 + Level 3.3 Unarmed Combat
 - Level 2.0 Spellcasting
 - Level 1.7 Transmutations


You had 4 spell levels left.
You knew the following spells:

 Your Spells              Type           Power      Damage    Failure   Level
a - Beastly Appendage     Tmut           12%        N/A       12%         1

Your spell library contained the following spells:

 Spells                   Type           Power      Damage    Failure   Level
 Wereblood                Tmut           6%         N/A       17%         2
 Spider Form              Tmut/Pois      3%         N/A       45%         3
 Ice Form                 Ice/Tmut       3%         N/A       86%         4


Dungeon Overview and Level Annotations

Branches:
Dungeon (1/15)

Altars:

Annotations:
D:2 Sigmund


Innate Abilities, Weirdness & Mutations

You have temporarily grown beastly horns and talons.
You have sharp fingernails.


Message History

Welcome, sleeves the Demonspawn Transmuter.
They say the Orb of Zot lies within this dungeon, but they say a lot of things.
Press ? for a list of commands and other information.
Found a staircase leading out of the dungeon.
You grow a pair of large bovine horns.
Your feet morph into talons.
Your transformation is almost over.
Magic restored.
You open the large door.
Your horns disappear.
Your talons disappear.
There is a large open door here.
c - a scroll labelled GANAES NYLU As you open the large door, it creaks loudly!
There is a large open door here.
As you open the large door, it creaks loudly!
No target in view!
You grow a pair of large bovine horns.
Your feet morph into talons.
No target in view!
No target in view!
No target in view!
No target in view!
No target in view!
No target in view!
No target in view!
Your transformation is almost over.
There is a large open door here.
Your horns disappear.
Your talons disappear.
Found 7 stones.
A goblin comes into view. It is wielding a +0 dagger.
Found 4 gold pieces.
The goblin shouts!
A goblin is nearby!
You hit the goblin.
The goblin is almost dead.
You hit the goblin.
You kill the goblin!
No target in view!
You see here a +0 dagger.
You now have 11 gold pieces.
Found a stone staircase leading down.
You now have 15 gold pieces (gained 4).
d - a cyan potion
There is a stone staircase leading down here.
Found an escape hatch in the floor.
A rat comes into view.
You grow a pair of large bovine horns.
Your feet morph into talons.
You hit the rat but do no damage. Your kick misses the rat.
You headbutt the rat.
You kill the rat!
No target in view!
No target in view!
No target in view!
No target in view!
No target in view!
Your transformation is almost over.
You see here a rat corpse.
Your horns disappear.
Your talons disappear.
A goblin comes into view. It is wielding a +0 club.
The goblin shouts!
A goblin is nearby!
A goblin is nearby!
A goblin is nearby!
You grow a pair of large bovine horns.
Your feet morph into talons.
The goblin hits you but does no damage.
You hit the goblin.
The goblin is severely wounded.
The goblin barely misses you.
You closely miss the goblin. You claw the goblin, but do no damage.
Your headbutt misses the goblin.
The goblin is severely wounded.
The goblin hits you but does no damage.
You hit the goblin.
You kill the goblin!
No target in view!
No target in view!
No target in view!
Your transformation is almost over.
Your horns disappear.
Your talons disappear.
Found a leather armour.
You see here a +0 leather armour.
You now have 22 gold pieces (gained 7).
Found a stone staircase leading down.
There is a stone staircase leading down here.
A goblin and a frilled lizard come into view.
The frilled lizard hisses angrily.
There are monsters nearby!
You grow a pair of large bovine horns.
Your feet morph into talons.
You closely miss the frilled lizard. Your kick misses the frilled lizard.
The frilled lizard bites you.
You hit the frilled lizard.
You kill the frilled lizard!
Your Unarmed Combat skill increases to level 3!
The goblin shouts!
You see here a staff of fire.
An endoplasm comes into view.
You closely miss the goblin. You claw the goblin, but do no damage.
The goblin misses you.
A rat comes into view.
You hit the goblin.
You kill the goblin!
Your transformation is almost over.
A bat comes into view.
Things that are here:
a +0 dagger; a goblin corpse
Found a stone staircase leading down.
The bat closely misses you. The endoplasm closely misses you.
You hit the endoplasm. Your kick misses the endoplasm.
The endoplasm is severely wounded.
The bat barely misses you. x2
The endoplasm freezes you.
You are frozen.
You hit the endoplasm.
You kill the endoplasm!
The bat hits you. The rat bites you.
You are too injured to fight recklessly!
You are too injured to fight recklessly!
You are too injured to fight recklessly!
You are too injured to fight recklessly!
You are too injured to fight recklessly!
You are too injured to fight recklessly!
You are too injured to fight recklessly!
You are too injured to fight recklessly!
Things that are here:
a +0 dagger; a goblin corpse
Casting: Beastly Appendage (safe; 12% risk of failure)
Confirm with . or Enter, or press ? or * to list all spells.
You don't know that spell.
You closely miss the rat. You claw the rat.
You kill the rat!
The bat barely misses you. The bat closely misses you.
You see here a rat corpse.
You barely miss the bat. Your kick misses the bat.
Your horns disappear.
Your talons disappear.
The bat completely misses you. The bat barely misses you. The bat hits you.
The bat barely misses you.
You see here a rat corpse.
You barely miss the bat. The bat hits you but does no damage.
The bat closely misses you.
You closely miss the bat. The bat barely misses you. The bat misses you.
Things that are here:
a +0 dagger; a goblin corpse The bat barely misses you.
The bat misses you.
Casting: Beastly Appendage (safe; 12% risk of failure)
Confirm with . or Enter, or press ? or * to list all spells.
You grow a pair of large bovine horns.
Your feet morph into talons.
The bat hits you. The bat barely misses you.
You miss the bat. You headbutt the bat.
You kill the bat!
You have reached level 2!
Your demonic ancestry asserts itself...
Your fingernails lengthen.
Your transformation is almost over.
Your horns disappear.
Your talons disappear.
HP restored.
Things that are here:
a +0 dagger; a goblin corpse You see here a rat corpse.
Found 7 stones.
You see here a staff of fire.
A giant cockroach comes into view.
A giant cockroach is nearby!
You grow a pair of large bovine horns.
Your feet morph into talons.
The giant cockroach closely misses you.
You scratch the giant cockroach.
The giant cockroach is moderately wounded.
The giant cockroach closely misses you.
You barely miss the giant cockroach. Your kick misses the giant cockroach.
The giant cockroach is moderately wounded.
The giant cockroach barely misses you.
You scratch the giant cockroach but do no damage.
You claw the giant cockroach, but do no damage.
Your headbutt misses the giant cockroach.
The giant cockroach is moderately wounded.
The giant cockroach bites you but does no damage.
You barely miss the giant cockroach. Your kick misses the giant cockroach.
The giant cockroach is moderately wounded.
The giant cockroach bites you but does no damage.
You claw the giant cockroach!
You kill the giant cockroach!
No target in view!
No target in view!
Your transformation is almost over.
Your horns disappear.
Your talons disappear.
e - an amulet of reflection You now have 31 gold pieces (gained 9).
A sourceless malevolence fills the Dungeon...
You fall into a shaft and drop 1 floor!
The shaft crumbles and collapses.
Found a ring mail and a clear potion.
f - a clear potion
Found an escape hatch in the ceiling.
You miscast Beastly Appendage.
You are very lightly contaminated with residual magic.
Nothing appears to happen.
Your magical contamination has completely faded away.
Magic restored.
Found a chain mail.
You see here a +0 chain mail.
A bat comes into view.
No reachable target in view!
You grow a pair of large bovine horns.
Your feet morph into talons.
No target in view!
No target in view!
A bat is nearby!
A bat is nearby!
You closely miss the bat. The bat hits you but does no damage.
The bat hits you but does no damage. The bat misses you.
You claw the bat!
You kill the bat!
No target in view!
No target in view!
No target in view!
No target in view!
No target in view!
No target in view!
No target in view!
Your horns disappear.
Your talons disappear.
A ball python comes into view.
The ball python hisses angrily.
A ball python is nearby!
A ball python is nearby!
A ball python is nearby!
Found a faded altar of an unknown god.
Found a sedimented golden potion.
You closely miss the ball python. The ball python closely misses you.
The ball python grabs you. The ball python constricts you.
You closely miss the ball python. The ball python closely misses you.
The ball python constricts you.
You closely miss the ball python. The ball python bites you.
The ball python constricts you.
You closely miss the ball python. The ball python barely misses you.
The ball python constricts you.
You barely miss the ball python. The ball python bites you.
The ball python constricts you. The ball python bites you.
The ball python constricts you.
* * * LOW HITPOINT WARNING * * *
You are too injured to fight recklessly!
You are too injured to fight recklessly!
You are too injured to fight recklessly!
A ball python is nearby!
A ball python is nearby!
You scratch the ball python.
You kill the ball python!
You start resting.
HP restored.
Found 14 gold pieces.
There is a faded altar of an unknown god here.
This altar belongs to (a) Yredelemnul, (b) Jiyva or (c) Wu Jian, but you can't tell which.
Press the corresponding letter to learn more about a god, or press enter to convert or escape to cancel.
Okay, then.
g - a sedimented golden potion You now have 45 gold pieces (gained 14).
You now have 60 gold pieces (gained 15).
Found a stone.
You see here a stone.
You now have 70 gold pieces (gained 10).
Sigmund the Dreaded comes into view.
He is wielding a +0 scythe.
Sigmund is nearby!
You grow a pair of large bovine horns.
Your feet morph into talons.
Sigmund shouts!
Sigmund gestures wildly while chanting.
Sigmund flickers and vanishes!
Deactivating autopickup; reactivate with Ctrl-A.
No target in view!
No target in view!
No target in view!
No target in view!
No target in view!
No target in view!
You hear some strange, mumbled words.
A puff of flame appears from out of thin air!
The puff of flame hits you.
You scratch something.
You hear some strange, mumbled words.
A magic dart appears from out of thin air!
The magic dart hits you.
You miss something. Your kick misses something. Something barely misses you.
You miss something. You claw something. Your headbutt misses something.
You barely miss something. Something hits you!
* * * LOW HITPOINT WARNING * * *
You barely miss something. Your headbutt misses something.
Your transformation is almost over.
Something hits you but does no damage.
You completely miss something. You barely miss something.
Your kick misses something. You headbutt something. Something hits you.
* * * LOW HITPOINT WARNING * * *
You scratch something but do no damage. You barely miss something.
Your kick misses something.
You hear some strange, mumbled words.
Something tries to affect you, but you resist.
You completely miss something. Your headbutt misses something.
You hear some strange, mumbled words.
You are confused.
You bump into the rock wall.
You hear some strange, mumbled words.
A puff of flame appears from out of thin air!
The puff of flame hits you!
You die...

. .# #. ###. .
#.. #.
##.###.##
#..#+#........
#...{@$# #.#
###.##.# #.#
#....# #.#
####.# #.# #.#
#.# #.## #.# #
#.# #..# #.# #
##.###..# #.#
# #.......##
#.# #
#........###.#
#


There were no monsters in sight!

Vanquished Creatures
  A ball python (D:2)
  An endoplasm (D:1)
  A giant cockroach (D:1)
  3 goblins (D:1)
  2 bats
  A frilled lizard (D:1)
  2 rats (D:1)
11 creatures vanquished.

Vanquished Creatures (others)
  3 fungi (D:2)
  A plant (D:2)
4 creatures vanquished.

Grand Total: 15 creatures vanquished

Notes
Turn   | Place    | Note
-------+----------+-------------------------------------------
     0 | D:1      | sleeves the Demonspawn Transmuter began the quest for the
                  | Orb.
     0 | D:1      | Reached XP level 1. HP: 15/15 MP: 3/3
   202 | D:1      | Reached skill level 3 in Unarmed Combat
   223 | D:1      | Gained mutation: You have sharp fingernails. [demonic
                  | ancestry]
   223 | D:1      | Reached XP level 2. HP: 13/21 MP: 3/5
   417 | D:1      | You fall into a shaft and drop 1 floor!
   461 | D:2      | Found a faded altar of an unknown god.
   467 | D:2      | HP: 10/21 [constriction (1)]
   573 | D:2      | Noticed Sigmund
   579 | D:2      | HP: 6/21 [something (8)]
   586 | D:2      | Killed from afar by Sigmund

Illustrated notes

Levels and vault maps discovered:
D:1:      lightli_arrival_lavapool, layout_loops_ring, serial_glass,
          glass_columns_a, glass_columns_c, kennysheep_pointless_box
D:2:      cheibrodos_greedy_goblins, layout_loops_ring, serial_undead,
          serial_undead_d, serial_undead_d, serial_undead_d, serial_undead_d,
          dreamdust_ecumenical_altar_grove, uniq_sigmund

Skill      XL: |  1 |
---------------+----+-----
Unarmed Combat | 3 |  3.3
Fighting       | |  1.0
Dodging        | |  1.7
Spellcasting   | |  2.0
Transmutations | |  1.7

Action                   || total
-------------------------++-------
Melee: Unarmed           ||    40
       Kick              ||     5
       Headbutt          ||     3
 Cast: Beastly Appendage ||     9
Armor: Robe              ||     8
Dodge: Dodged            ||    25

Table legend: (Time is in decaauts)
 A = Elapsed time spent in this place.
 B = Non-inter-level travel time spent in this place.
 C = Inter-level travel time spent in this place.
 D = Time resting spent in this place.
 E = Time spent auto-exploring this place.
 F = Levels seen in this place.
 G = Mean time per level.
                   A        B        C        D        E       F      G
               +--------+--------+--------+--------+--------+-----+--------+
         Total |    583 |    583 |      0 |     42 |    444 |   2 |  291.5 |
       Dungeon |    583 |    583 |      0 |     42 |    444 |   2 |  291.5 |
               +--------+--------+--------+--------+--------+-----+--------+

Top non-repeatable levels by time:
     D:1: 415 daAuts
     D:2: 167 daAuts
